 Dungeon Crawl Stone Soup version 0.31.0-9-g3a7656b989 (webtiles) character file.

Game seed: 13556511713975454231

95 qw the Shooter (level 4, 0/25 HPs)
             Began as a Deep Elf Hunter on Feb 2, 2024.
             Slain by a goblin
             ... wielding a +0 club
             ... led by Robin
              (2 damage)
             ... on level 3 of the Dungeon.
             The game lasted 00:00:05 (1544 turns).

qw the Shooter (Deep Elf Hunter)                    Turns: 1544, Time: 00:00:06

Health: 0/25       AC:  3    Str: 10    XL:     4   Next: 39%
Magic:  6/6        EV: 12    Int: 14    God:
Gold:   50         SH:  0    Dex: 18    Spells: 3/3 levels left

rFire   . . .        a - +0 shortbow
rCold   . . .        (shield currently unavailable)
rNeg    . . .        c - +0 leather armour
rPois   .            (no helmet)
rElec   .            (no cloak)
rCorr   .            (no gloves)
SInv    .            (no boots)
Will    .....        (no amulet)
Stlth   ++           (no ring)
HPRegen 0.24/turn    (no ring)
MPRegen 0.10/turn

%: no passive effects
@: no status effects
A: no striking features
a: no special abilities


You were on level 3 of the Dungeon.
You visited 1 branch of the dungeon, and saw 3 of its levels.

You collected 110 gold pieces.
You spent 60 gold pieces at shops.


   Skills:
 - Level 1.5 Fighting
 + Level 7.8 Ranged Weapons
 - Level 2.4 Dodging
 - Level 1.2 Stealth


You had 3 spell levels left.
You didn't know any spells.
Your spell library was empty.

Inventory:

Hand Weapons
 a - a +0 shortbow (weapon)
Armour
 c - a +0 leather armour (worn)
 m - a +0 ring mail
Scrolls
 g - a scroll of teleportation {unknown}
Potions
 b - a potion of magic {unknown}
 d - a potion of resistance
 e - a potion of cancellation {unknown}
 f - a potion of lignification {unknown}
 h - a potion of mutation {unknown}
 i - a potion of attraction {unknown}
 j - 2 potions of curing
 k - 2 potions of brilliance {unknown}
 l - a potion of haste {unknown}
 n - 2 potions of degeneration {unknown}

Dungeon Overview and Level Annotations

Branches:
Dungeon (3/15)

Altars:

Shops:
D:3 !


Message History

A goblin comes into view. It is wielding a +0 club.
You shoot an arrow. The arrow barely misses the hobgoblin.
The arrow hits the goblin!
You kill the goblin!
The hobgoblin barely misses you.
You shoot an arrow. The arrow closely misses the hobgoblin.
The arrow closely misses the goblin.
A hobgoblin comes into view.
The hobgoblin barely misses you.
You shoot an arrow. The arrow hits the goblin.
The goblin is heavily wounded.
The hobgoblin barely misses you. The goblin misses you.
You shoot an arrow. The arrow hits the goblin.
You kill the goblin!
The goblin hits you with a +0 club. The hobgoblin hits you. x2
You shoot an arrow.
The arrow hits Robin but does no damage.
Robin hits you but does no damage. The goblin hits you with a +0 club.
The hobgoblin closely misses you. The hobgoblin hits you.
You shoot an arrow. The arrow hits Robin!
Robin is heavily wounded.
Robin misses you. The goblin hits you with a +0 club.
The hobgoblin barely misses you.
You shoot an arrow. The arrow hits Robin.
Robin is almost dead.
The goblin closely misses you. Robin hits you with a +0 short sword.
The hobgoblin barely misses you.
The hobgoblin hits you but does no damage.
You shoot an arrow.
The arrow hits Robin but does no damage.
Robin is almost dead.
The hobgoblin no longer looks unusually strong.
Robin hits you but does no damage. The goblin barely misses you.
The hobgoblin hits you but does no damage.
The hobgoblin barely misses you. The hobgoblin hits you.
You shoot an arrow. The arrow hits Robin!
You kill Robin!
The hobgoblin hits you but does no damage. x2
The goblin hits you with a +0 club.
You die...

#......##.
......+.........
)%.....#......##.
)...............\
#####......##########
#........ ......
#...)..# #. ######
#..gg).# #.#######
#..g@g.####.#.....#
#....)...##.#.....#
#####....##.#.....#
#....##<#.....###
#....##'#.....)..
###.......)...###
#......###.#<#
#......# #.#.#
#......# #.#+#


You could see 3 hobgoblins and a goblin (strong).

Vanquished Creatures
  Robin (D:3)
  4 adders (D:2)
  A dart slug (D:2)
  An orc (D:3)
  7 endoplasms
  2 giant cockroaches
  6 goblins
  7 hobgoblins
  4 jackals (D:2)
  2 quokkas (D:2)
  6 ball pythons
  3 bats
  2 frilled lizards (D:2)
  3 kobolds
  2 rats
51 creatures vanquished.

Notes
Turn   | Place    | Note
-------+----------+-------------------------------------------
     0 | D:1      | qw the Deep Elf Hunter began the quest for the Orb.
     0 | D:1      | Reached XP level 1. HP: 12/12 MP: 3/3
     0 | D:1      | 0 ||| qw: Version: 0.3-a-155-g5e7d8dd
     0 | D:1      | 0 ||| qw: Game counter: 807
     0 | D:1      | 0 ||| qw: Melee chars always use a shield: true
     0 | D:1      | 0 ||| qw: God list: Okawaru
     0 | D:1      | 0 ||| qw: Allow faded altars: false
     0 | D:1      | 0 ||| qw: Do Orc after clearing Dungeon:15 true
     0 | D:1      | 0 ||| qw: Do second Lair branch before Depths: true
     0 | D:1      | 0 ||| qw: Lair rune preference: random
     0 | D:1      | 0 ||| qw: Goals: Normal
     0 | D:1      | 0 ||| PLANNING D:1-11
   234 | D:1      | Reached XP level 2. HP: 16/16 MP: 4/4
   272 | D:1      | Reached skill level 6 in Ranged Weapons
   691 | D:1      | 691 ||| DROPPING +6 ring of intelligence.
   692 | D:1      | 692 ||| READING scroll labelled AVEUPT SESOI.
   692 | D:1      | 692 ||| ENCHANTING +0 shortbow.
   693 | D:1      | 693 ||| DRINKING 2 green potions.
   694 | D:1      | 694 ||| DROPPING scroll of butterflies.
   807 | D:2      | Reached XP level 3. HP: 16/20 MP: 5/5
   867 | D:2      | Reached skill level 7 in Ranged Weapons
  1138 | D:2      | Reached XP level 4. HP: 25/25 MP: 6/6
  1351 | D:3      | Found Umahejemi's Distillery.
  1360 | D:3      | 1360 ||| SHOPLISTING potion of cancellation (80 gold, have
                  | 71).
  1360 | D:3      | 1360 ||| BUYING potion of curing (30 gold).
  1360 | D:3      | Bought a potion of curing for 30 gold pieces
  1360 | D:3      | 1360 ||| BUYING potion of curing (30 gold).
  1360 | D:3      | Bought a potion of curing for 30 gold pieces
  1360 | D:3      | 1360 ||| SHOPLISTING potion of curing (30 gold, have 11).
  1360 | D:3      | 1360 ||| SHOPLISTING potion of haste (100 gold, have 11).
  1360 | D:3      | 1360 ||| SHOPLISTING potion of heal wounds (50 gold, have
                  | 11).
  1529 | D:3      | Noticed Robin
  1543 | D:3      | HP: 2/25 [hobgoblin[Robin] (5)]
  1544 | D:3      | Killed Robin
  1544 | D:3      | Slain by a goblin

Levels and vault maps discovered:
D:1:      ebering_trefoil_twist, layout_basic, minmay_misc_feat_ornament,
          minmay_misc_feat_alley, grunt_decor_clamped,
          chequers_serial_rivers_large_a
D:2:      layout_rooms
D:3:      layout_basic, serial_shops, shop, uniq_robin, uniq_crazy_yiuf_cottage

Skill      XL: |  1  2  3 |
---------------+----------+-----
Ranged Weapons | 6 7 |  7.8
Fighting       | |  1.5
Dodging        | |  2.4
Stealth        | |  1.2

Action                     |  1- 3 |  4- 6 || total
---------------------------+-------+-------++-------
   Fire: Shortbow          |   104 |    35 ||   139
    Use: Scroll            |     1 |       ||     1
         Potion            |     1 |       ||     1
 Armour: Leather armour    |    32 |    18 ||    50
  Dodge: Dodged            |    45 |    15 ||    60

Table legend:
 A = Non-vault XP
 B = Vault XP
 C = Vault XP percentage of total XP
 D = Non-vault monster count
 E = Vault monster count
 F = Vault count percentage of total count
                 A         B        C        D         E       F
            +---------+---------+-------+---------+---------+-------
      Total |     122 |      29 |  19.2 |      43 |       8 |  15.7
            +---------+---------+-------+---------+---------+-------
        D:1 |      25 |       0 |   0.0 |      15 |       0 |   0.0
        D:2 |      85 |       0 |   0.0 |      22 |       0 |   0.0
        D:3 |      12 |      29 |  70.7 |       6 |       8 |  57.1
            +---------+---------+-------+---------+---------+-------
